 Dungeon Crawl Stone Soup version 0.21-a0-426-g98080a9 (webtiles) character file.

19 kae the Ruffian (level 2, 0/23 HPs)
             Began as a Draconian Transmuter on Nov 7, 2017.
             Slain by Terence
             ... wielding a +2 flail of crushing
              (1 damage)
             ... on level 2 of the Dungeon.
             The game lasted 00:01:03 (1378 turns).

kae the Ruffian (Draconian Transmuter)              Turns: 1378, Time: 00:01:04

Health: 0/23       AC:  4    Str: 12    XL:     2   Next: 55%
Magic:  2/5        EV: 12    Int: 13    God:
Gold:   48         SH:  0    Dex: 11    Spells: 2/5 levels left

rFire    . . .     SeeInvis .   h - +0 whip
rCold    + . .     Gourm    .   (no shield)
rNeg     . . .     Faith    .   (armour unavailable)
rPois    .         Spirit   .   (helmet restricted)
rElec    .         Reflect  .   (no cloak)
rCorr    .         Harm     .   (no gloves)
MR       .....                  (no boots)
Stlth    +.........             (no amulet)
HPRegen  0.07/turn              g - ring of protection from cold
MPRegen  0.09/turn              (no ring)

@: very slightly contaminated
A: unfitting armour, cold-blooded, AC +4
a: no special abilities


You were on level 2 of the Dungeon.
You were near starving.

You visited 1 branch of the dungeon, and saw 2 of its levels.

You collected 48 gold pieces.

Inventory:

Hand Weapons
 h - a +0 whip (weapon)
Missiles
 a - 11 arrows
Jewellery
 g - a ring of protection from cold (left hand)
 l - an uncursed ring of flight {unknown}
 t - an uncursed ring of protection from cold
Scrolls
 d - 2 scrolls of fear
 i - 2 scrolls of teleportation {unknown}
 n - a scroll of recharging {unknown}
 q - a scroll of fog {unknown}
 r - a scroll of enchant armour {unknown}
Potions
 j - a potion of might
 m - a potion of curing
 o - a potion of heal wounds
 p - a potion of degeneration
 s - a potion of ambrosia {unknown}
Books
 b - a book of Changes

   Spells                             Type                      Level
   a - Beastly Appendage              Transmutation                1
   b - Sticks to Snakes               Transmutation                2
   c - Spider Form                    Transmutation/Poison         3
   d - Ice Form                       Ice/Transmutation            4
   e - Blade Hands                    Transmutation                5
Comestibles
 c - 4 bread rations
 f - a meat ration
 k - 2 royal jellies


   Skills:
 + Level 1.5 Fighting
 - Level 1.7 Dodging
 * Level 3.4 Unarmed Combat
 + Level 2.2 Spellcasting
 + Level 2.2 Transmutations


You had 2 spell levels left.
You knew the following spells:

 Your Spells              Type           Power        Failure   Level  Hunger
a - Beastly Appendage     Tmut           #.....       10%         1    ##.....
b - Sticks to Snakes      Tmut           #.......     16%         2    ###....


Dungeon Overview and Level Annotations

Branches:
Dungeon (2/15)

Altars:

Annotations:
D:2 Terence


Innate Abilities, Weirdness & Mutations

Your plain brown scales are hard. (AC +4)
You cannot fit into any form of body armour.
You are cold-blooded and may be slowed by cold attacks.


Message History

Terence is heavily wounded.
Terence says, "Rest in peace."
Terence hits you with a flail of crushing.
Your ball python bites Terence.
Your ball python constricts Terence.
You hit Terence but do no damage.
Terence is severely wounded.
Your ball python bites Terence but does no damage.
Your ball python constricts Terence.
Terence closely misses you.
Your ball python bites Terence.
Your ball python constricts Terence.
You hit Terence.
Terence is almost dead.
Terence hits you with a flail of crushing!
* * * LOW HITPOINT WARNING * * *
x2 Your ball python bites Terence but does no damage.
Your ball python constricts Terence.
You hit Terence but do no damage.
Terence is almost dead.
Terence hits you with a flail of crushing.
* * * LOW HITPOINT WARNING * * *
You die...

#.# ##.## #...# ...
#####... ....#.#######
#..@S...).. #@# #.#
######### #.# #.......# #.#
#.#####.# #.# #.# #.# #.#
#.# ###.########.##########
#.# #.........##..........#
#.###.#.#####.##.#.######.#


You could see Terence and a friendly ball python.

Vanquished Creatures
  A giant cockroach (D:1)
  3 goblins (D:1)
  6 hobgoblins
  2 bats
  2 frilled lizards (D:1)
  2 kobolds (D:1)
16 creatures vanquished.

Notes
Turn   | Place    | Note
-------+----------+-------------------------------------------
     0 | D:1      | kae the Draconian Transmuter began the quest for the Orb.
     0 | D:1      | Reached XP level 1. HP: 16/16 MP: 3/3
   454 | D:1      | Reached XP level 2. HP: 20/23 MP: 5/5
   614 | D:1      | Learned a level 2 spell: Sticks to Snakes
  1336 | D:2      | Noticed Terence
  1378 | D:2      | HP: 1/23 [Terence/flail of crushing (2)]
  1378 | D:2      | Slain by Terence

Vault maps used:
D:1:      matt_arrival_grand_opening
D:2:      uniq_robin, uniq_terence

Action                   || total
-------------------------++-------
Melee: Unarmed           ||    19
       Whip              ||    50
       Tailslap          ||     8
       Punch             ||     2
 Cast: Beastly Appendage ||     1
       Sticks to Snakes  ||     1
  Use: Scroll            ||     5
Armor: Skin              ||    24
Dodge: Dodged            ||    45

Table legend:
 A = Spawn XP
 B = Non-spawn XP
 C = Spawn XP percentage of total XP
 D = Spawn monster count
 E = Non-spawn monster count
 F = Spawn count percentage of total count
 G = Total turns spent on level
                    A         B        C        D         E        F      G
               +---------+---------+-------+---------+---------+-------+---------
         Total |       0 |      28 |   0.0 |       0 |      16 |   0.0 |  1378
               +---------+---------+-------+---------+---------+-------+---------
           D:1 |       0 |      22 |   0.0 |       0 |      13 |   0.0 |  1064
           D:2 |       0 |       6 |   0.0 |       0 |       3 |   0.0 |   314
               +---------+---------+-------+---------+---------+-------+---------
